 Dungeon Crawl Stone Soup version 0.29-a0-617-g7a6b98fccd (webtiles) character file.

Game seed: 16282973317101877134

151 IdlyInterested the Ducker (level 5, -7/38 HPs)
             Began as a Demonspawn Gladiator on June 17, 2022.
             Mangled by Duvessa
             ... wielding a +0 short sword
              (12 damage)
             ... on level 4 of the Dungeon.
             The game lasted 00:07:32 (3172 turns).

IdlyInterested the Ducker (Demonspawn Gladiator)    Turns: 3172, Time: 00:07:33

Health: -7/38      AC: 13    Str: 17    XL:     5   Next: 11%
Magic:  5/5        EV:  6    Int:  9    God:
Gold:   36         SH:  4    Dex: 14    Spells: 4/4 levels left

rFire   . . .      SeeInvis .   a - +0 trident
rCold   . . .      Faith    .   (no shield)
rNeg    . . .      Spirit   .   g - +0 plate armour
rPois   .          Reflect  .   c - +0 helmet
rElec   .          Harm     .   (no cloak)
rCorr   .          Rampage  .   p - +0 pair of gloves
Will    .....                   (no boots)
Stlth   ..........              h - amulet of regeneration
HPRegen 0.92/turn               (no ring)
MPRegen 0.09/turn               (no ring)

@: no status effects
A: large bone plates 1, weakness stinger 2
a: no special abilities


You were on level 4 of the Dungeon.
You visited 1 branch of the dungeon, and saw 4 of its levels.

You collected 156 gold pieces.
You spent 120 gold pieces at shops.

Inventory:

Hand Weapons
 a - a +0 trident (weapon)
Missiles
 e - a javelin
 i - 16 stones (quivered)
 B - 3 boomerangs of dispersal
Armour
 c - a +0 helmet (worn)
 g - a +0 plate armour (worn)
 m - a +2 robe of cold resistance
 p - a +0 pair of gloves (worn)
 C - a +0 scale mail
Magical Staves
 b - a staff of air
Jewellery
 h - an amulet of regeneration (around neck)
Wands
 u - a wand of paralysis (10)
 v - a wand of digging (6)
Scrolls
 f - a scroll of fog {unknown}
 l - 5 scrolls of teleportation {unknown}
 n - a scroll of summoning {unknown}
 o - 2 scrolls of noise {unknown}
 s - 2 scrolls of enchant weapon {unknown}
 t - a scroll of poison {unknown}
 w - a scroll of acquirement {unknown}
 x - a scroll of enchant armour {unknown}
 z - 2 scrolls of identify {unknown}
 A - a scroll of magic mapping {unknown}
Potions
 j - 5 potions of curing
 k - a potion of berserk rage {unknown}
 q - 2 potions of degeneration {unknown}
 r - a potion of lignification {unknown}


   Skills:
 - Level 2.0 Fighting
 + Level 3.4 Polearms
 - Level 1.7 Throwing
 * Level 2.0 Armour
 - Level 4.0 Dodging
 * Level 1.3 Evocations


You had 4 spell levels left.
You didn't know any spells.
Your spell library contained the following spells:

 Spells                   Type           Power      Damage    Failure   Level
 Apportation              Tloc           0%         N/A       100%        1
 Necrotize                Necr           0%         1d4       100%        1
 Summon Small Mammal      Summ           0%         N/A       100%        1


Dungeon Overview and Level Annotations

Branches:
Dungeon (4/15)
 Temple: D:4-7

Altars:

Shops:
D:1 *=(

Annotations:
D:4 Duvessa


Innate Abilities, Weirdness & Mutations

You are partially covered in large bone plates. (SH +4)
You have a tail ending in a sharp stinger.


Message History

Duvessa is caught in the net!
Duvessa struggles against the net.
You hit Duvessa.
You tail-slap Duvessa, but do no damage.
Duvessa is lightly wounded.
Duvessa struggles against the net. x2
The net rips apart, and Duvessa comes free!
Throw: 2 throwing nets
Press: ? - help, Shift-Dir - straight line, f/p - Duvessa
Aim: Duvessa, wielding a +0 short sword and wearing a +0 leather armour (lightly wounded, berserk, 63% to hit)
You throw a throwing net. The throwing net barely misses Duvessa.
Duvessa hits you with a +0 short sword!
Unknown command.
Throw: throwing net
Press: ? - help, Shift-Dir - straight line, f/p - Duvessa
Aim: Duvessa, wielding a +0 short sword and wearing a +0 leather armour (lightly wounded, berserk, 63% to hit)
You throw a throwing net. The throwing net barely misses Duvessa.
Duvessa hits you with a +0 short sword. x2
You hit Duvessa but do no damage.
You tail-slap Duvessa, but do no damage.
Duvessa is lightly wounded.
Duvessa hits you with a +0 short sword.
You barely miss Duvessa. You tail-slap Duvessa.
Duvessa is lightly wounded.
Duvessa barely misses you. You block Duvessa's attack.
You barely miss Duvessa. Your punch misses Duvessa.
Duvessa is lightly wounded.
Duvessa hits you but does no damage. Duvessa hits you with a +0 short sword!
You barely miss Duvessa.
Duvessa is lightly wounded.
Duvessa hits you with a +0 short sword.
* * * LOW HITPOINT WARNING * * *
It was a potion of curing.
You feel better. You block Duvessa's attack.
Duvessa hits you with a +0 short sword.
You hit Duvessa but do no damage.
Duvessa is lightly wounded.
Duvessa hits you with a +0 short sword!
* * * LOW HITPOINT WARNING * * *
Duvessa hits you with a +0 short sword!
You die...

#.# #(# #.# ##.# #.#
...# #.# ..# #.# .. ..#
#.# #. #.# #.# #.. #e#
#.# #... #@# #.#
#..##.####### #.#
###......[....#######†##
........#####...........
#######.# #.######.###
#.# ##.## #..... #.#
##...## #..###
#.###.....###..#
#..........##..#


You could see Duvessa (berserk).

Vanquished Creatures
  Dowan (D:4)
  An orc priest (D:4)
  An ufetubus (D:4)
  4 dart slugs
  4 orcs
  5 ball pythons
  5 bats
  8 endoplasms
  A giant cockroach (D:3)
  7 goblins
  5 hobgoblins
  4 quokkas
  3 frilled lizards
  3 kobolds
  3 rats (D:1)
55 creatures vanquished.

Notes
Turn   | Place    | Note
-------+----------+-------------------------------------------
     0 | D:1      | IdlyInterested the Demonspawn Gladiator began the quest for
                  | the Orb.
     0 | D:1      | Reached XP level 1. HP: 16/16 MP: 1/1
   133 | D:1      | Found Xonaazizoa's Assorted Antiques.
   142 | D:1      | Found Hynoess's Jewellery Emporium.
   308 | D:1      | Found Xyxippi's Antique Weapon Emporium.
   333 | D:1      | Gained mutation: You are partially covered in large bone
                  | plates. (SH +4) [demonic ancestry]
   333 | D:1      | Reached XP level 2. HP: 22/22 MP: 2/2
   367 | D:1      | Reached skill level 3 in Dodging
   467 | D:1      | Reached skill level 1 in Armour
  1073 | D:1      | Bought a white potion for 27 gold pieces
  1454 | D:2      | Reached XP level 3. HP: 27/27 MP: 3/3
  1698 | D:2      | Found a faded altar of an unknown god.
  2038 | D:1      | Bought a scroll labelled NIATSUKKUK for 31 gold pieces
  2734 | D:1      | Bought a scroll labelled ETO ZAETRUZUS for 31 gold pieces
  2734 | D:1      | Bought a scroll labelled CAUBYH SOOS for 31 gold pieces
  2883 | D:4      | Gained mutation: You have a small tail. [demonic ancestry]
  2883 | D:4      | Reached XP level 4. HP: 33/33 MP: 4/4
  2960 | D:4      | Noticed Dowan
  2960 | D:4      | Noticed Duvessa
  2994 | D:4      | Killed Dowan
  2995 | D:4      | Reached skill level 4 in Dodging
  2995 | D:4      | Reached skill level 1 in Evocations
  2995 | D:4      | Gained mutation: You have a tail ending in a sharp stinger.
                  | [demonic ancestry]
  2995 | D:4      | Reached XP level 5. HP: 31/38 MP: 5/5
  3172 | D:4      | Mangled by Duvessa

Illustrated notes

Levels and vault maps discovered:
D:1:      dpeg_arrival_water_fire, layout_loops_ring, serial_shops,
          shop_fountains, nicolae_shop_hallway_stairs, shop
D:2:      layout_loops_corners, serial_rivers, chequers_serial_rivers_small_3,
          chequers_serial_rivers_room_b, chequers_serial_rivers_small_b,
          chequers_serial_rivers_large_a, chequers_serial_rivers_micro_c,
          chequers_serial_rivers_micro_d,
          shapermc_ecumenical_altar_mp_highgroup, kennysheep_generic_room_3
D:3:      layout_basic, kennysheep_another_room, st_stairs_5
D:4:      layout_loops_ring, serial_rivers, chequers_serial_rivers_micro_d,
          chequers_serial_rivers_micro_d, chequers_serial_rivers_small_b,
          chequers_serial_rivers_micro_c, item_on_display_b, uniq_menkaure,
          uniq_eustachio, uniq_duvessa

Skill      XL: |  1  2  3  4 |
---------------+-------------+-----
Dodging        | 3 4 |  4.0
Armour         | 1 2 |  2.0
Polearms       | 3 |  3.4
Evocations     | 1 |  1.3
Fighting       | |  2.0
Throwing       | |  1.7

Action                   |  1- 3 |  4- 6 || total
-------------------------+-------+-------++-------
Melee: Trident           |   141 |    42 ||   183
       Tailslap          |       |    10 ||    10
Throw: Stone             |       |     2 ||     2
       Dart              |       |     3 ||     3
       Throwing net      |       |     3 ||     3
  Use: Potion            |       |     1 ||     1
 Stab: Sleeping          |     1 |       ||     1
Armor: Leather armour    |     7 |       ||     7
       Ring mail         |    37 |     1 ||    38
       Plate armour      |       |    26 ||    26
Dodge: Dodged            |    68 |    15 ||    83
Block: Other             |    27 |     4 ||    31

Table legend: (Time is in decaauts)
 A = Elapsed time spent in this place.
 B = Non-inter-level travel time spent in this place.
 C = Inter-level travel time spent in this place.
 D = Time resting spent in this place.
 E = Time spent auto-exploring this place.
 F = Levels seen in this place.
 G = Mean time per level.
                   A        B        C        D        E       F      G
               +--------+--------+--------+--------+--------+-----+--------+
         Total |   3217 |   2847 |    370 |    108 |   2076 |   4 |  804.2 |
       Dungeon |   3217 |   2847 |    370 |    108 |   2076 |   4 |  804.2 |
               +--------+--------+--------+--------+--------+-----+--------+

Top non-repeatable levels by time:
     D:1: 1211 daAuts
     D:2: 977 daAuts
     D:3: 680 daAuts
     D:4: 347 daAuts
